 Dungeon Crawl Stone Soup version 0.30-a0-860-g512cf1e979 (webtiles) character file.

Game seed: 10956422153112945677

3672 NinjaNoafa the Thaumaturge (level 10, 0/75 HPs)
             Began as a Djinni Earth Elementalist on Mar 7, 2023.
             Was a Believer of Cheibriados.
             Shot with an arrow by a centaur (7 damage)
             ... on level 8 of the Dungeon.
             The game lasted 00:19:23 (7000 turns).

NinjaNoafa the Thaumaturge (DjEE)                   Turns: 7000, Time: 00:19:24

Health: 0/75       AC:  9    Str: 11    XL:     10   Next: 34%
Gold:   473        EV: 12    Int: 25    God:    Cheibriados [**....] SH:  0 Dex: 24

rFire   + + .      SeeInvis .    a - staff of death
rCold   x . .      Faith    +    (no shield)
rNeg    + . .      Spirit   .    y - +2 leather armour {Will+}
rPois   ∞          Reflect  .    (no helmet)
rElec   .          Rampage  .    e - +2 cloak
rCorr   .                        i - +0 pair of gloves
Will    ++...                    (boots unavailable)
Stlth   ++                       w - amulet of faith
HPRegen 0.32/turn                x - +6 ring of dexterity
MPRegen 0.00/turn                (no ring)

@: flying, very slow
A: sickness immunity, fire resistance 2, cold vulnerability 1, float, innate
caster, HP casting, extra vitality 1
a: Renounce Religion, Bend Time


You were on level 8 of the Dungeon.
You worshipped Cheibriados.
Cheibriados was pleased with you.
You visited 2 branches of the dungeon, and saw 10 of its levels.

You collected 473 gold pieces.

Inventory:

Hand Weapons
 d - a +0 dagger of venom
Missiles
 g - 17 poisoned darts
 l - 11 boomerangs
 E - 2 boomerangs of dispersal
Armour
 e - a +2 cloak (worn)
 i - a +0 pair of gloves (worn)
 j - a scarf of repulsion
 y - a +2 leather armour of willpower (worn)
Magical Staves
 a - a staff of death (weapon)
 f - a staff of cold
 q - a staff of poison
Jewellery
 w - an amulet of faith (around neck)
 x - a +6 ring of dexterity (left hand)
Wands
 u - a wand of paralysis (10)
Scrolls
 b - 3 scrolls of poison
 k - 2 scrolls of enchant weapon {unknown}
 m - a scroll of blinking {unknown}
 o - 2 scrolls of teleportation
 s - 2 scrolls of amnesia {unknown}
 t - a scroll of fear {unknown}
 A - a scroll of acquirement {unknown}
 C - a scroll of vulnerability {unknown}
 F - a scroll of magic mapping {unknown}
Potions
 c - 5 potions of curing
 h - a potion of haste {unknown}
 n - 2 potions of brilliance
 p - a potion of invisibility
 r - 2 potions of attraction
 z - a potion of lignification
 B - a potion of ambrosia {unknown}
 D - a potion of magic {unknown}


   Skills:
 - Level 7.0 Fighting
 - Level 2.1 Dodging
 - Level 1.5 Stealth
 + Level 9.9 Spellcasting


You knew the following spells:

 Your Spells              Type           Power      Damage    Failure   Level
a - Sandblast             Erth           100%       2d20      1%          1
b - Passwall              Tmut/Erth      48%        N/A       1%          2
c - Stone Arrow           Conj/Erth      100%       3d13      1%          3
d - Petrify               Tmut/Erth      58%        N/A       1%          4
e - Summon Small Mammal   Summ           100%       N/A       1%          1
f - Searing Ray           Conj           100%       2d8       1%          2
g - Vampiric Draining     Necr           75%        2d11      1%          3
h - Airstrike             Air            29%        2d(5-21)  1%          4
Your spell library was empty.

Dungeon Overview and Level Annotations

Branches:
Dungeon (9/15)             Temple (1/1) D:6             Orc (0/2) D:9
   Lair: D:8-11

Altars:
Cheibriados
Dithmenos
Elyvilon
Fedhas
Gozag
Nemelex Xobeh
Okawaru
Qazlal
Trog
Uskayaw
Wu Jian
Xom
Yredelemnul
The Shining One
Lugonu

Shops:
D:7 *


Innate Abilities, Weirdness & Mutations

You are immune to sickness and miasma.
You are immune to poison.
Your flesh is very heat resistant. (rF++)
You are vulnerable to cold. (rC-)
You float through the air rather than walking.
You learn spells naturally, not from books.
Your magical power is your life essence.
You have superior vitality. (+4 MHP)


Message History

Unknown command.
Okay, then.
The white imp shouts, "Run away, thou spongy hedge-born blabberskite!"
You hit the ufetubus but do no damage.
The ufetubus hits you but does no damage. x2
Casting: Stone Arrow (safe; 1% risk of failure)
Confirm with . or Enter, or press ? or * to list all spells.
Aiming: Sandblast (safe; 1% risk of failure)
Press: ? - help, Shift-Dir - straight line, f/p - ufetubus
Aim: an ufetubus (76% to hit)
The blast of sand hits the ufetubus!!
You kill the ufetubus!
Cheibriados appreciates the change of pace.
* * * LOW HITPOINT WARNING * * *
Casting: Sandblast (safe; 1% risk of failure)
Confirm with . or Enter, or press ? or * to list all spells.
Aiming: Sandblast (safe; 1% risk of failure)
Press: ? - help, Shift-Dir - straight line, f - white imp
Aim: a white imp (85% to hit)
The blast of sand hits the white imp!
You kill the white imp!
Cheibriados appreciates the change of pace.
* * * LOW HITPOINT WARNING * * *
Found an embroidered scarf.
Found a scroll labelled VULOET LUSOAL.
There is a shaft here.
g - 17 poisoned darts (gained 2)
You see here a scarf of repulsion.
You see here a scroll labelled VULOET LUSOAL.
The centaur wields a +0 shortbow.
The centaur shoots an arrow.
The arrow hits you but does no damage.
The centaur shoots an arrow.
The arrow hits you but does no damage.
The centaur shoots an arrow.
The arrow closely misses you.
The centaur shoots an arrow.
The arrow hits you.
* * * LOW HITPOINT WARNING * * *
You see here a scarf of repulsion.
j - a scarf of repulsion The centaur shoots an arrow.
The arrow misses you.
The centaur shoots an arrow.
The arrow hits you!
You die...

#....#....#
...~≈≈≈~.
#..##...###
##≈≈≈~~#
#.......#
##≈≈~..
#.#.c##.#
#≈≈~.#
##..#.# .#
#≈~~.#
###...?^##.#
##≈...
#..........#
###.#
#.........##
#.#
####..##@.#
#.#
.........#
######.#
#.........#
#......#
###......##
#.######
###..#.#
##.## ...#..
#...#
#.#####
#...# #.
..######<..#
..........##


You could see a centaur.

Vanquished Creatures
  Grinder (D:4)
  A polar bear (D:8)
  Sigmund (D:3)
  A yak (D:8)
  Eustachio (D:5)
  An acid dragon (D:8)
  Edmund (D:4)
  A water moccasin (D:5)
  Duvessa (D:5)
  2 orc warriors (D:6)
  3 ice beasts (D:6)
  2 black bears
  An ogre (D:5)
  2 centaurs (D:8)
  A wolf (D:8)
  A kobold brigand (D:6)
  A bullfrog (D:7)
  Blork the orc (D:5)
  3 scorpions
  Dowan (D:5)
  A howler monkey (D:7)
  2 hounds (D:5)
  6 orc priests
  Crazy Yiuf (D:4)
  Natasha (twice) (D:2)
  2 iguanas (D:4)
  9 orc wizards
  8 adders
  6 gnolls
  2 shadow imps (D:6)
  3 white imps
  5 ufetubi
  3 worms
  3 dart slugs
  30 orcs
  5 ball pythons
  7 bats
  4 endoplasms
  A giant cockroach (D:1)
  11 goblins
  2 hobgoblins
  5 jackals
  8 kobolds
  4 quokkas
  3 frilled lizards
  5 rats
165 creatures vanquished.

Vanquished Creatures (collateral kills)
  An orc wizard (D:6)
  An orc (D:6)
  A kobold (D:1)
  A rat (D:2)
4 creatures vanquished.

Vanquished Creatures (others)
  An orc wizard (D:3)
1 creature vanquished.

Grand Total: 170 creatures vanquished

Notes
Turn   | Place    | Note
-------+----------+-------------------------------------------
     0 | D:1      | NinjaNoafa the Djinni Earth Elementalist began the quest
                  | for the Orb.
     0 | D:1      | NinjaNoafa set off with the following spells memorised:
                  | Sandblast, Passwall, Stone Arrow, Petrify.
     0 | D:1      | Reached XP level 1. HP: 15/15 MP: 0/0
    61 | D:1      | Reached skill level 1 in Fighting
    61 | D:1      | Reached XP level 2. HP: 21/22 MP: 0/0
   395 | D:1      | Reached XP level 3. HP: 27/27 MP: 0/0
   395 | D:1      | Learned a level 1 spell: Summon Small Mammal
   590 | D:2      | Noticed Natasha
   604 | D:2      | Killed Natasha
   605 | D:2      | Reached skill level 3 in Spellcasting
   605 | D:2      | Reached XP level 4. HP: 10/33 MP: 0/0
   761 | D:2      | Found a faded altar of an unknown god.
   795 | D:2      | Noticed Natasha
   798 | D:2      | Killed Natasha
   889 | D:2      | Reached XP level 5. HP: 40/40 MP: 0/0
   889 | D:2      | Learned a level 2 spell: Searing Ray
  2056 | D:3      | Noticed Sigmund
  2058 | D:3      | Killed Sigmund
  2059 | D:3      | Reached skill level 4 in Spellcasting
  2059 | D:3      | Reached XP level 6. HP: 41/48 MP: 0/0
  2394 | D:4      | Reached XP level 7. HP: 34/53 MP: 0/0
  2394 | D:4      | Learned a level 3 spell: Vampiric Draining
  2471 | D:4      | Found a runed translucent door.
  2472 | D:4      | Noticed Crazy Yiuf
  3289 | D:4      | Noticed Grinder
  3299 | D:4      | Paralysed by Grinder for 4 turns
  3320 | D:4      | Killed Grinder
  3321 | D:4      | Reached skill level 5 in Fighting
  3321 | D:4      | Reached skill level 5 in Spellcasting
  3423 | D:4      | Noticed Edmund
  3426 | D:4      | Killed Edmund
  3427 | D:4      | Reached XP level 8. HP: 50/59 MP: 0/0
  3516 | D:4      | Reached skill level 6 in Spellcasting
  3610 | D:4      | Found a basalt altar of Yredelemnul.
  3807 | D:4      | Killed Crazy Yiuf
  3906 | D:5      | Entered Level 5 of the Dungeon
  4203 | D:5      | Reached skill level 7 in Spellcasting
  4228 | D:5      | Noticed Blork the orc
  4232 | D:5      | Killed Blork the orc
  4283 | D:5      | Noticed Duvessa
  4283 | D:5      | Noticed Dowan
  4285 | D:5      | Killed Dowan
  4286 | D:5      | Reached XP level 9. HP: 59/65 MP: 0/0
  4286 | D:5      | Learned a level 4 spell: Airstrike
  4288 | D:5      | Killed Duvessa
  4495 | D:5      | Noticed Eustachio
  4502 | D:5      | Killed Eustachio
  4619 | D:5      | Found a hide-covered altar of Uskayaw.
  4655 | D:5      | Found a snail-covered altar of Cheibriados.
  4894 | D:6      | Found a staircase to the Ecumenical Temple.
  4952 | Temple   | Entered the Ecumenical Temple
  5487 | D:5      | Became a worshipper of Cheibriados the Contemplative
  5597 | D:6      | Reached skill level 8 in Spellcasting
  5937 | D:6      | Reached * piety under Cheibriados
  6264 | D:7      | Found Toxkoug's Lightly-Used Armoury.
  6268 | D:7      | Reached XP level 10. HP: 72/75 MP: 0/0
  6550 | D:7      | Reached skill level 9 in Spellcasting
  6895 | D:8      | Found an iron altar of Okawaru.
  6898 | D:8      | Found an opulent altar of Gozag.
  6959 | D:9      | Found a staircase to the Orcish Mines.
  6963 | D:9      | Reached ** piety under Cheibriados
  7000 | D:8      | Shot with an arrow by a centaur

Illustrated notes

Levels and vault maps discovered:
D:1:      eino_arrival_cavern_a, layout_rooms, st_stairs_14, kennysheep_boxes
D:2:      layout_basic, dilly_ecumenical_altar_fadedgnrine, uniq_natasha
D:3:      layout_loops_cross, serial_forest, infiniplex_forest_lined_3,
          infiniplex_forest_end_2, infiniplex_forest_join,
          infiniplex_forest_lined_3, infiniplex_forest_lined_3,
          infiniplex_forest_clump_long, minmay_misc_feat_four_crosses,
          uniq_sigmund
D:4:      layout_loops_corners, mainiacjoe_overflow_alcove_2,
          grunt_decor_junction, uniq_edmund, uniq_crazy_yiuf_cottage,
          uniq_grinder
D:5:      layout_basic, old_standard_altar, kennysheep_little_box,
          uniq_eustachio, uniq_duvessa, uniq_blork_the_orc
D:6:      layout_loops_ring, palyth_temple_overflow_mages, temple_statues
D:7:      layout_loops_ring, serial_park_tiny_pond, minmay_shop_damaged
D:8:      layout_loops_cross, zin_angel, grunt_temple_overflow_open, serial_ice,
          serial_ice_b, serial_ice_l, serial_ice_f, serial_ice_e, serial_ice_c,
          serial_ice_a, serial_ice_o, serial_ice_d, serial_ice_g, serial_ice_n
D:9:      layout_loops_cross, bloody_makhleb, evilmike_ruin_ashenzari,
          hellmonk_lair_entry_icy, david_orc_2, hangedman_decor_slide_cut,
          hangedman_incinerator, uniq_psyche
Temple:   corrupted_temple

Skill      XL: |  1  2  3  4  5  6  7  8  9 10 |
---------------+-------------------------------+-----
Fighting       | 1 2 4 5 7 |  7.0
Spellcasting   | 3 4 5 7 8 9 |  9.9
Dodging        | |  2.1
Stealth        | |  1.5

Action                     |  1- 3 |  4- 6 |  7- 9 | 10-12 || total
---------------------------+-------+-------+-------+-------++-------
  Melee: Whip              |     2 |       |       |       ||     2
         Dagger            |       |     5 |     8 |       ||    13
         Staff             |       |       |     2 |     4 ||     6
   Cast: Sandblast         |    30 |    24 |     6 |     4 ||    64
         Passwall          |     1 |    11 |     3 |       ||    15
         Summon Small Mamm |     5 |       |     8 |       ||    13
         Stone Arrow       |     2 |     7 |    57 |     6 ||    72
         Searing Ray       |       |     8 |    15 |     3 ||    26
         Vampiric Draining |       |       |    26 |     9 ||    35
         Petrify           |       |       |     2 |       ||     2
         Airstrike         |       |       |    11 |    10 ||    21
    Use: Potion            |       |     1 |     2 |       ||     3
         Scroll            |       |       |     2 |     6 ||     8
 Armour: Robe              |     3 |     8 |    10 |       ||    21
         Leather armour    |       |       |    10 |    24 ||    34
  Dodge: Dodged            |     7 |    17 |    47 |    39 ||   110

Table legend: (Time is in decaauts)
 A = Elapsed time spent in this place.
 B = Non-inter-level travel time spent in this place.
 C = Inter-level travel time spent in this place.
 D = Time resting spent in this place.
 E = Time spent auto-exploring this place.
 F = Levels seen in this place.
 G = Mean time per level.
                   A        B        C        D        E       F      G
               +--------+--------+--------+--------+--------+-----+--------+
         Total |   7436 |   6986 |    450 |     67 |   5169 |  10 |  743.6 |
       Dungeon |   7390 |   6953 |    437 |     67 |   5152 |   9 |  821.1 |
        Temple |     45 |     32 |     13 |      0 |     17 |   1 |   45.0 |
               +--------+--------+--------+--------+--------+-----+--------+

Top non-repeatable levels by time:
     D:4: 1519 daAuts
     D:6: 1319 daAuts
     D:5: 1064 daAuts
     D:2: 942 daAuts
     D:7: 869 daAuts
     D:3: 865 daAuts
     D:1: 600 daAuts
     D:8: 199 daAuts
  Temple: 45 daAuts
     D:9: 8 daAuts
